groovejumper, chaotic female elven Wizard -.---------- RR%R.......(| |@R........| |..<.R.....| -- --------- groovejumper the Thaumaturge Experience level: 8 Strength: 25 Dexterity: 15 Constitution: 16 Intelligence: 17 Wisdom: 8 Charisma: 9 Health: 0(60) Energy: 73(87) AC: 6 Gold: 968 Moves: 4768 Your Inventory: Coins $ - 968 gold pieces Weapons a - a blessed +1 quarterstaff (weapon in hands) p - an [uncursed] rustproof [+0] athame named Magicbane [Magicbane] Armor b - an uncursed rotted +1 cloak of magic resistance (being worn) x - an [uncursed] +0 studded leather armor (being worn) y - an [uncursed] corroded +0 pair of gauntlets of power (being worn) Comestibles A - an [uncursed stale] egg D - an [uncursed] lizard corpse Scrolls h - a blessed scroll of taming j - a blessed scroll of gold detection t - an [uncursed] scroll of enchant weapon u - an [uncursed] scroll labeled VENZAR BORGAVVE [of identify] v - an [uncursed] scroll of teleportation Spellbooks k - a blessed spellbook of force bolt l - an uncursed spellbook of sleep w - an [uncursed] spellbook of sleep z - an [uncursed] spellbook of knock Potions f - an [uncursed] ochre potion [of blindness] g - an uncursed potion of healing q - an [uncursed] yellow potion [of extra healing] s - 2 [uncursed] squishy potions [of confusion] B - an [uncursed] muddy potion [of fruit juice] Z - an [uncursed] swirly potion [of booze] Rings d - an uncursed ring of fire resistance e - an uncursed ring of invisibility C - a [cursed -1] plain ring [of increase accuracy] E - an [uncursed +1] ceramic ring [of gain constitution] F - an [uncursed] granite ring [of searching] G - an [uncursed +2] jet ring [of protection] H - an [uncursed] jacinth ring [of aggravate monster] I - an [uncursed] jade ring [of protection from shape changers] J - an [uncursed] wedding ring [of shock resistance] K - an [uncursed] agate ring [of hunger] L - an [uncursed +2] plastic ring [of gain strength] M - an [uncursed] ring of invisibility N - an [uncursed] jade ring [of protection from shape changers] O - an [uncursed -3] moonstone ring [of gain intelligence] P - an [uncursed] platinum ring [of polymorph control] Q - an [uncursed -2] plain ring [of increase accuracy] R - an [uncursed] jade ring [of protection from shape changers] S - an [uncursed] agate ring [of hunger] T - an [uncursed] opal ring [of free action] U - an [uncursed] copper ring [of conflict] V - an [uncursed] wedding ring [of shock resistance] W - an [uncursed] black onyx ring [of cold resistance] X - an [uncursed] ring of fire resistance Y - an [uncursed] sapphire ring [of poison resistance] Wands c - an uncursed wand of light (0:15) Tools m - an uncursed magic marker (0:15) n - an uncursed bugle Spells known in the end: Name Level Category Fail Memory a - force bolt 1 attack 10% [|||||||.] b - sleep 1 enchantment 10% [|||||||.] c - knock 1 matter 10% [|||||||.] Your skills at the end: Fighting Skills Weapon Skills quarterstaff [Basic / Expert] Spellcasting Skills attack spells [Basic / Expert] enchantment spells [Basic / Skilled] Final Attributes: You were piously aligned. Hunger level was 391. Your alignment was 33 / 33. Monster difficulty range was 1 - 8. Level difficulty was 8. You were immune to sleep. You were magic-protected. You saw invisible. You were telepathic. You had infravision. You were lucky (1). You are dead. Vanquished creatures: 2 small mimics 6 leprechauns 16 brown puddings an owlbear a yeti a lizard a blue jelly a raven 2 wood nymphs an orc shaman a rock piercer 2 enormous rats a rock mole a pony a shrieker a violet fungus a gnomish wizard a gray ooze a little dog 7 floating eyes a dwarf a rabid rat a giant bat 2 iguanas 2 killer bees a hobgoblin 2 green molds 10 Keystone Kops a gecko 10 jackals 3 foxes a kobold 12 grid bugs 6 lichens 8 kobold zombies 3 newts 113 creatures vanquished. Voluntary challenges: You used a wielded weapon 96 times. You read items or engraved 21 times. You put on armor 6 times. You never genocided any monsters. You never polymorphed an object. You never changed form. You used no wishes. You wrote Elbereth's name 12 times. You encountered 1 bones level. You never used any Sokoban shortcuts. Dungeon overview: The Dungeons of Doom: levels 1 to 8 Level 1 a fountain a long staircase Level 2 a potion shop Level 3 an armor shop, a fountain a long staircase Level 5 a jewelry store Level 6 a fountain Level 7 an altar to Anhur, a fountain Level 8 <- You were here History has recorded: On T:1 you entered the Dungeons of Doom to retrieve the Amulet of Yendor! On T:423 you advanced to experience level 2. On T:509 you reached level 2 of The Dungeons of Doom. On T:817 you advanced to experience level 3. On T:917 you reached level 3 of The Dungeons of Doom. On T:1063 you advanced to experience level 4. On T:1267 you reached level 4 of The Dungeons of Doom. On T:1648 you advanced to experience level 5. On T:1807 you reached level 5 of The Dungeons of Doom. On T:2093 you advanced to experience level 6. On T:2965 you advanced to experience level 7. On T:3040 you reached level 6 of The Dungeons of Doom. On T:3559 you reached level 7 of The Dungeons of Doom. On T:4005 you reached level 8 of The Dungeons of Doom. On T:4160 you advanced to experience level 8. On T:4193 you received Magicbane from Anhur. Latest messages: The disenchanter turns to flee! (2x) [HP+1=33] You miss the disenchanter. The disenchanter turns to flee! You miss the disenchanter. The disenchanter turns to flee! a - a blessed +1 quarterstaff (weapon in hands). The disenchanter turns to flee! [HP+1=34] You hit the disenchanter! You cannot wipe out the message that is engraved in the floor here. The disenchanter hits! [HP-9=25] You cannot wipe out the message that is engraved in the floor here. You hear some noises in the distance. The disenchanter hits! (2x) [HP-22=3] You feel better. The disenchanter hits! (2x) You die... Final status: Goodbye groovejumper the Wizard... You died in The Dungeons of Doom on dungeon level 8 with 1726 points, and 968 pieces of gold, after 4768 moves. You were level 8 with a maximum of 60 hit points when you died.